 Dungeon Crawl Stone Soup version 0.30-a0-321-gf7783e6616 (webtiles) character file.

Game seed: 8529075740157155915

19019 Bnni the Severer (level 13, -7/109 HPs)
             Began as a Formicid Fighter on Oct 27, 2022.
             Was an Elder of Okawaru.
             Mangled by a 12-headed hydra (8 damage)
             ... on level 12 of the Dungeon.
             The game lasted 00:31:08 (12772 turns).

Bnni the Severer (Formicid Fighter)                Turns: 12772, Time: 00:31:09

Health: -7/109     AC: 16    Str: 30    XL:     13   Next: 1%
Magic:  12/18      EV: 12    Int: 10    God:    Okawaru [****..]
Gold:   633        SH:  6    Dex: 11    Spells: 12/12 levels left

rFire   . . .      SeeInvis +    r - +0 scimitar (flame)
rCold   . . .      Faith    .    c - +0 buckler
rNeg    . . .      Spirit   .    k - +5 ring mail "Yfog" {rPois Str+6 Dex-2 SInv}
rPois   +          Reflect  .    (helmet unavailable)
rElec   .          Harm     .    G - +2 cloak {Stlth+}
rCorr   .          Rampage  .    (no gloves)
Will    +....                    b - +0 pair of boots
Stlth   +++.......               (no amulet)
HPRegen 0.38/turn                o - ring of poison resistance
MPRegen 0.16/turn                s - ring of wizardry

@: heroic, finesse-ful, invisible
A: permanent stasis, dig shafts and tunnels, antennae 3, four strong arms
a: Dig, Shaft Self, Renounce Religion, Heroism, Finesse


You were on level 12 of the Dungeon.
You worshipped Okawaru.
Okawaru was greatly pleased with you.
You visited 2 branches of the dungeon, and saw 13 of its levels.

You collected 998 gold pieces.
You spent 365 gold pieces at shops.

Inventory:

Hand Weapons
 r - a +0 scimitar of flaming (weapon)
 E - a +5 battleaxe
Missiles
 q - 41 poisoned darts
 I - 6 boomerangs (quivered)
 M - 6 javelins
Armour
 b - a +0 pair of boots (worn)
 c - a +0 buckler (worn)
 k - the +5 ring mail "Yfog" (worn) {rPois Str+6 Dex-2 SInv}
   (You found it on level 2 of the Dungeon)

   Str:       It affects your strength (+6).
   Dex:       It affects your dexterity (-2).
   rPois:     It protects you from poison.
   SInv:      It lets you see invisible.
 G - a +2 cloak of stealth (worn)
Jewellery
 n - a ring of ice
 o - a ring of poison resistance (left hand)
 s - a ring of wizardry (right hand)
Wands
 a - a wand of digging (5)
 h - a wand of charming (11)
 u - a wand of mindburst (11)
 x - a wand of flame (19)
 D - a wand of polymorph (5)
Scrolls
 d - 3 scrolls of poison {unknown}
 e - 3 scrolls of enchant armour
 f - 3 scrolls of amnesia {unknown}
 i - a scroll of torment
 j - a scroll of brand weapon
 p - a scroll of silence
 w - a scroll of fear
 A - a scroll of immolation
 H - 2 scrolls of enchant weapon
 J - a scroll of vulnerability
 L - a scroll of magic mapping
Potions
 g - 4 potions of brilliance
 l - a potion of curing
 m - 3 potions of lignification
 t - a potion of heal wounds
 v - a potion of resistance
 z - 3 potions of flight
 B - 2 potions of mutation
 K - a potion of attraction {unknown}
 N - a potion of cancellation {unknown}


   Skills:
 + Level 12.8(17.8) Fighting
 * Level 15.9(20.9) Axes
 - Level 3.2(8.2) Armour
 - Level 5.0(10.0) Shields
 + Level 7.0 Invocations


You had 12 spell levels left.
You didn't know any spells.
Your spell library contained the following spells:

 Spells                   Type           Power      Damage    Failure   Level
 Necrotise                Necr           0%         1d4       24%         1
 Sandblast                Erth           0%         2d4       24%         1
 Passwall                 Tmut/Erth      0%         N/A       32%         2
 Stone Arrow              Conj/Erth      0%         3d7       54%         3
 Vampiric Draining        Necr           0%         2d6       54%         3
 Agony                    Necr           0%         N/A       99%         5
 Iskenderun's Battlesphe  Conj           0%         2d6       99%         5
 Iron Shot                Conj/Erth      0%         9d1       100%        6
 Spellforged Servitor     Conj/Summ      Unusable   N/A       N/A         7

Dungeon Overview and Level Annotations

Branches:
Dungeon (12/15)            Temple (1/1) D:4            Lair (0/5) D:10
    Orc (0/2) D:11

Altars:
Ashenzari
Cheibriados
Dithmenos
Elyvilon
Fedhas
Gozag
Hepliaklqana
Kikubaaqudgha
Makhleb
Nemelex Xobeh
Okawaru
Qazlal
Ru
Sif Muna
Trog
Uskayaw
Vehumet
Wu Jian
Xom
Yredelemnul
Zin
The Shining One

Shops:
D:3 =?=?   D:9 (   D:11 =*:   D:12 [

Annotations:
D:12 Forip Xumo's ghost, journeyman NaIE


Innate Abilities, Weirdness & Mutations

You cannot be hasted, slowed, berserked, paralysed or teleported.
You can dig through walls and to a lower floor.
You have a pair of large antennae on your head. (SInv)
Your four strong arms can wield two-handed weapons with a shield.


Message History

You hit the 12-headed hydra but do no damage.
The 12-headed hydra barely misses you. x2; The 12-headed hydra misses you.
The 12-headed hydra bites you. x2; You block the 12-headed hydra's attack.
The 12-headed hydra bites you but does no damage.
The 12-headed hydra bites you. The 12-headed hydra bites you!
The 12-headed hydra bites you. The 12-headed hydra bites you!
You block the 12-headed hydra's attack.
You fade into invisibility!
The 12-headed hydra bites you but does no damage.
The 12-headed hydra bites you. x2
The 12-headed hydra bites you but does no damage.
The 12-headed hydra bites you!
The 12-headed hydra bites you but does no damage.
The 12-headed hydra bites you! You block the 12-headed hydra's attack.
The 12-headed hydra bites you! The 12-headed hydra barely misses you.
The 12-headed hydra bites you!
* * * LOW HITPOINT WARNING * * *
The 12-headed hydra barely misses you.
Are you sure you want to shaft yourself?
The 12-headed hydra bites you but does no damage.
The 12-headed hydra closely misses you.
The 12-headed hydra bites you but does no damage.
You block the 12-headed hydra's attack.
The 12-headed hydra completely misses you.
The 12-headed hydra bites you but does no damage.
The 12-headed hydra closely misses you. The 12-headed hydra bites you.
* * * LOW HITPOINT WARNING * * *
The 12-headed hydra bites you but does no damage. x2
The 12-headed hydra bites you!
* * * LOW HITPOINT WARNING * * *
The 12-headed hydra closely misses you.
You begin to dig a shaft.
You continue digging a shaft.
You block the 12-headed hydra's attack. x2; The 12-headed hydra bites you.
* * * LOW HITPOINT WARNING * * *
The 12-headed hydra bites you!
* * * LOW HITPOINT WARNING * * *
The 12-headed hydra bites you.
* * * LOW HITPOINT WARNING * * *
The 12-headed hydra bites you!
You die...

#######..## ####.########
#.###♣♣.# #..# ##.##~..?♣#
#.## #..#♣?....♣# #.#
#.##.!.)..~# #.# #.# ♣.....~#
##'###### # ##'###....W##
#.......# #
#....##'''#######.......### #
#.........DD@...'.......'.# #
#........########.......#.###
#......).# #.......#....
#........# ####'########
########## #......# #
######(# #########.##
#.)^.(.....# #..........##


You could see a 12-headed hydra (unable to see you), a ten-headed hydra (unable
to see you) and Forip Xumo's ghost.

Vanquished Creatures
  A boulder beetle (D:12)
  2 two-headed ogres
  5 skeletal warriors (D:12)
  The ghost of emilazy the Martial Artist, a novice GnTm of Nemelex Xobeh (D:8)
  Pikel (D:7)
  An ugly thing (D:12)
  4 cyclopes
  Joseph (D:8)
  3 gargoyles
  2 unseen horrors
  Psyche (D:8)
  An efreet (D:8)
  3 trolls
  2 vampires (D:10)
  Sigmund (D:3)
  A shadow (D:11)
  10 yaks
  2 wraiths
  7 wyverns
  A human (shapeshifter) (D:12)
  2 humans (D:10)
  A basilisk (D:11)
  4 vampire mosquitoes (D:10)
  A steam dragon (D:10)
  Duvessa (D:7)
  4 water moccasins
  6 orc warriors
  A sky beast (D:6)
  A black bear (D:5)
  2 ice beasts
  2 ogres
  A centaur (D:8)
  A lemure (D:7)
  4 kobold brigands
  3 bullfrogs
  3 gnoll sergeants
  4 wights (D:9)
  Dowan (D:7)
  13 killer bees
  4 howler monkeys
  5 jellies
  Crazy Yiuf (D:7)
  A hound (D:4)
  4 orc priests
  5 iguanas
  Jessica (D:3)
  Natasha (thrice) (D:2)
  9 orc wizards
  19 gnolls
  11 adders
  2 shadow imps
  3 white imps
  An adder skeleton (D:2)
  2 dart slugs
  37 orcs
  A bat skeleton (D:2)
  7 endoplasms
  8 giant cockroaches
  4 hobgoblins
  3 jackals (D:3)
  5 quokkas
  9 ball pythons
  2 ball python skeletons (D:2)
  A ball python zombie (D:2)
  6 bats
  2 frilled lizards
  3 goblins
  29 kobolds
  A quokka skeleton (D:2)
  8 rats
302 creatures vanquished.

Vanquished Creatures (others)
  A goblin (D:9)
  4 fungi (D:10)
  14 plants
  8 withered plants (D:2)
27 creatures vanquished.

Grand Total: 329 creatures vanquished

Notes
Turn   | Place    | Note
-------+----------+-------------------------------------------
     0 | D:1      | Bnni the Formicid Fighter began the quest for the Orb.
     0 | D:1      | Reached XP level 1. HP: 18/18 MP: 1/1
   160 | D:1      | Reached XP level 2. HP: 20/24 MP: 2/2
   512 | D:1      | Found a faded altar of an unknown god.
   584 | D:1      | Reached XP level 3. HP: 27/29 MP: 3/3
   985 | D:2      | Noticed Natasha
   991 | D:2      | Killed Natasha
   992 | D:2      | Reached skill level 3 in Axes
   992 | D:2      | Reached XP level 4. HP: 26/37 MP: 4/4
  1237 | D:2      | Identified the +5 ring mail "Yfog" {rPois Str+6 Dex-2 SInv}
  1442 | D:2      | Noticed Natasha
  1449 | D:2      | Killed Natasha
  1450 | D:2      | Reached XP level 5. HP: 36/42 MP: 5/5
  1496 | D:2      | Reached skill level 5 in Shields
  1622 | D:2      | Noticed Natasha
  1635 | D:2      | Killed Natasha
  1636 | D:2      | Reached skill level 4 in Axes
  2290 | D:3      | Found Zedet's Magic Scroll Emporium.
  2319 | D:3      | Found a glowing golden altar of the Shining One.
  2448 | D:3      | Found Attomp's Jewellery Shop.
  2473 | D:3      | Reached XP level 6. HP: 48/49 MP: 6/6
  2479 | D:3      | Bought a ring of poison resistance for 200 gold pieces
  2534 | D:3      | Found Xuant's Jewellery Emporium.
  2554 | D:3      | Noticed Sigmund
  2555 | D:3      | Found Fyg Funu's Magic Scroll Shoppe.
  2565 | D:3      | Killed Sigmund
  2566 | D:3      | Reached skill level 5 in Fighting
  2566 | D:3      | Reached skill level 5 in Axes
  2746 | D:3      | Found a burning altar of Makhleb.
  2757 | D:3      | Reached XP level 7. HP: 56/56 MP: 7/7
  2774 | D:3      | Noticed Jessica
  2777 | D:3      | Killed Jessica
  2938 | D:3      | You fall into a shaft and drop 3 floors!
  2943 | D:5      | Entered Level 5 of the Dungeon
  3089 | D:5      | Reached skill level 6 in Axes
  3318 | D:4      | Found a hazy altar of Hepliaklqana.
  3377 | D:4      | Reached XP level 8. HP: 41/64 MP: 8/8
  3792 | D:4      | Reached skill level 7 in Axes
  3885 | D:4      | Found a staircase to the Ecumenical Temple.
  3894 | Temple   | Entered the Ecumenical Temple
  4080 | D:4      | Found a shimmering blue altar of Sif Muna.
  5442 | D:6      | Found a sacrificial altar of Ru.
  5611 | D:6      | Reached skill level 8 in Axes
  5905 | D:6      | Reached XP level 9. HP: 67/72 MP: 9/9
  5991 | D:6      | Found a bloodstained altar of Trog.
  6161 | D:6      | Found a hide-covered altar of Uskayaw.
  6311 | D:7      | Noticed Pikel
  6332 | D:7      | Killed Pikel
  6333 | D:7      | Reached skill level 9 in Axes
  6509 | D:7      | Reached skill level 10 in Axes
  6890 | D:7      | Found a runed translucent door.
  6891 | D:7      | Noticed Crazy Yiuf
  6901 | D:7      | Killed Crazy Yiuf
  6911 | D:7      | Identified the +3 hammer of Pride {protect, Fly rN++ SInv}
  6989 | D:7      | Noticed Duvessa
  7015 | D:7      | Killed Duvessa
  7016 | D:7      | Reached XP level 10. HP: 75/82 MP: 10/10
  7037 | D:7      | Noticed Dowan
  7051 | D:7      | Killed Dowan
  7232 | D:8      | Reached skill level 11 in Axes
  7304 | D:8      | Found a runed translucent gate.
  7304 | D:8      | Found a runed translucent gate.
  7304 | D:8      | Found a runed translucent gate.
  7313 | D:8      | Found an opulent altar of Gozag.
  7322 | D:8      | Noticed a cyclops
  7322 | D:8      | Noticed emilazy's ghost (novice GnTm)
  7322 | D:8      | Noticed an efreet
  7544 | D:8      | Noticed Psyche
  7544 | D:8      | Noticed Joseph
  7590 | D:8      | Killed Joseph
  7660 | D:8      | Killed Psyche
  7661 | D:8      | Reached skill level 12 in Axes
  8115 | D:9      | Reached skill level 10 in Fighting
  8345 | D:9      | Found a shimmering altar of Xom.
  8682 | D:9      | Found a radiant altar of Vehumet.
  8694 | D:9      | Found a stormy altar of Qazlal.
  8696 | D:9      | Noticed a gargoyle
  8697 | D:9      | Found Havahu Xoapp's Weapon Shop.
  8703 | D:9      | Killed a gargoyle
  8911 | D:9      | Reached XP level 11. HP: 81/89 MP: 11/11
  9091 | D:10     | Entered Level 10 of the Dungeon
  9224 | D:10     | Reached skill level 13 in Axes
  9319 | D:10     | Noticed a two-headed ogre
  9345 | D:10     | Killed a two-headed ogre
  9461 | D:10     | Found an iron altar of Okawaru.
  9468 | D:10     | Became a worshipper of Warmaster Okawaru
  9628 | D:10     | Reached * piety under Okawaru
  9629 | D:10     | Reached skill level 1 in Invocations
  9756 | D:10     | Reached skill level 14 in Axes
  9818 | D:10     | Found a staircase to the Lair.
 10147 | D:11     | Found Yvvoin's Book Shoppe.
 10152 | D:11     | Found a staircase to the Orcish Mines.
 10258 | D:11     | Found Otar's Assorted Antiques.
 10261 | D:11     | Bought a scroll of identify for 66 gold pieces
 10261 | D:11     | Bought a scroll of identify for 66 gold pieces
 10264 | D:11     | Bought a scroll labelled OKOEROAQEG for 33 gold pieces
 10267 | D:11     | Reached ** piety under Okawaru
 10485 | D:11     | Noticed a cyclops
 10497 | D:11     | Killed a cyclops
 10498 | D:11     | Reached XP level 12. HP: 57/101 MP: 11/14
 10721 | D:11     | Found Wateom's Jewellery Boutique.
 11347 | D:12     | Reached *** piety under Okawaru
 11477 | D:12     | Noticed a boulder beetle
 11506 | D:12     | Killed a boulder beetle
 11507 | D:12     | Reached skill level 15 in Axes
 11507 | D:12     | Reached skill level 5 in Invocations
 11725 | D:12     | Noticed a two-headed ogre
 11732 | D:12     | Killed a two-headed ogre
 11824 | D:12     | Noticed a skeletal warrior
 11824 | D:12     | Noticed a skeletal warrior
 11824 | D:12     | Noticed a skeletal warrior
 11824 | D:12     | Noticed a skeletal warrior
 11824 | D:12     | Noticed a skeletal warrior
 11851 | D:12     | Killed a skeletal warrior
 11851 | D:12     | Reached **** piety under Okawaru
 11991 | D:12     | Killed a skeletal warrior
 12020 | D:12     | Killed a skeletal warrior
 12133 | D:12     | Killed a skeletal warrior
 12141 | D:12     | Found Enkyntub's Armour Emporium.
 12170 | D:12     | Found a runed translucent gate.
 12171 | D:12     | Found a runed translucent gate.
 12172 | D:12     | Found a runed translucent gate.
 12172 | D:12     | Noticed a ten-headed hydra
 12173 | D:12     | Noticed Forip Xumo's ghost (journeyman NaIE)
 12174 | D:12     | Noticed a 12-headed hydra
 12546 | D:8      | Killed emilazy's ghost
 12648 | D:12     | Killed a skeletal warrior
 12648 | D:12     | Reached ***** piety under Okawaru
 12649 | D:12     | Reached XP level 13. HP: 75/109 MP: 18/18
 12772 | D:12     | HP: 2/109 [12-headed hydra (8)]
 12772 | D:12     | Mangled by a 12-headed hydra

Illustrated notes

Levels and vault maps discovered:
D:1:      matt_arrival_grand_opening, layout_loops_corners,
          shapermc_ecumenical_altar_mp_ritualfount
D:2:      layout_basic, serial_undead, serial_undead_b, serial_undead_b,
          serial_undead_e, serial_undead_f, uniq_natasha
D:3:      layout_loops_cross, mainiacjoe_overflow_alcove_1, tso_metal_star,
          serial_shops, nicolae_diamond_shop, shop_fountains, shop, shop,
          uniq_sigmund, uniq_jessica
D:4:      layout_loops_cross, kennysheep_orc_sif_temple,
          mainiacjoe_overflow_paths, minmay_temple_entry_grid
D:5:      layout_loops_corners, hangedman_abyss_or_decor_slice
D:6:      layout_basic, lemuel_tele_altar, nicolae_uskayaw_suspiria,
          kennysheep_mini, hellmonk_bongcloud_opening, patterned_corridor
D:7:      layout_basic, chequers_serial_rivers_micro_a, uniq_duvessa,
          uniq_pikel, uniq_crazy_yiuf_cottage
D:8:      layout_rooms, ebering_ghost_gozag, uniq_psyche, uniq_joseph
D:9:      layout_basic, lemuel_round_altar, dk_xom_monty_hall,
          nicolae_qazlal_scattered_showers, serial_shops, shop
D:10:     layout_small_grid, okawaru_humans, minmay_lair_entry_grove,
          ldierk_geyser, chequers_serial_rivers_room_b
D:11:     layout_irregular_city, orc_0_dummy, serial_shops, shop,
          nicolae_shop_behind_doors, nicolae_square_shop
D:12:     layout_roguey, gammafunk_ghost_hydra_chop, serial_shops, shop
Temple:   jpeg_temple_clearing

Skill      XL: |  1  2  3  4  5  6  7  8  9 10 11 12 |
---------------+-------------------------------------+-----
Axes           | 3 4 5 6 8 10 12 14 15 | 15.9
Fighting       | 4 5 7 8 10 11 12 | 12.8
Shields        | 5 |  5.0
Invocations    | 3 7 |  7.0
Armour         | |  3.2

Action                   |  1- 3 |  4- 6 |  7- 9 | 10-12 | 13-15 || total
-------------------------+-------+-------+-------+-------+-------++-------
Melee: War axe           |    91 |   129 |   184 |       |       ||   404
       Battleaxe         |       |       |   129 |   396 |       ||   525
       Unarmed           |       |       |       |     3 |       ||     3
       Scimitar          |       |       |       |       |     1 ||     1
Throw: Dart              |       |       |     1 |    15 |       ||    16
       Boomerang         |       |       |       |     3 |       ||     3
Invok: Heroism           |       |       |       |     6 |     1 ||     7
       Finesse           |       |       |       |       |     1 ||     1
 Abil: Dig               |       |       |       |     2 |       ||     2
       Shaft Self        |       |       |       |       |     1 ||     1
  Use: Scroll            |     3 |     4 |     5 |    10 |       ||    22
       Potion            |       |     1 |       |     4 |     1 ||     6
 Stab: Invisible         |       |       |       |     3 |       ||     3
       Sleeping          |       |       |       |     1 |       ||     1
Armor: Chain mail        |    61 |    22 |       |       |       ||    83
       Ring mail         |       |    40 |   115 |   203 |    15 ||   373
Dodge: Dodged            |    45 |    61 |   129 |   204 |    12 ||   451
Block: Buckler           |    18 |    29 |    69 |    96 |     8 ||   220

Table legend: (Time is in decaauts)
 A = Elapsed time spent in this place.
 B = Non-inter-level travel time spent in this place.
 C = Inter-level travel time spent in this place.
 D = Time resting spent in this place.
 E = Time spent auto-exploring this place.
 F = Levels seen in this place.
 G = Mean time per level.
                   A        B        C        D        E       F      G
               +--------+--------+--------+--------+--------+-----+--------+
         Total |  12921 |  12387 |    534 |    537 |   9388 |  13 |  993.9 |
       Dungeon |  12781 |  12261 |    520 |    537 |   9278 |  12 | 1065.1 |
        Temple |    139 |    125 |     14 |      0 |    110 |   1 |  139.0 |
               +--------+--------+--------+--------+--------+-----+--------+

Top non-repeatable levels by time:
    D:12: 1514 daAuts
     D:6: 1187 daAuts
    D:10: 1166 daAuts
     D:2: 1158 daAuts
     D:5: 1116 daAuts
     D:1: 1107 daAuts
     D:9: 1043 daAuts
     D:4: 962 daAuts
     D:8: 957 daAuts
     D:7: 915 daAuts
    D:11: 896 daAuts
     D:3: 754 daAuts
  Temple: 139 daAuts
